 Seeded DCSS version 0.27.1-1-g398f81649c (webtiles) character file.

Game seed: 12441045110187997083 (custom seed)

14 aster the Slasher (level 2, -1/17 HPs)
             Began as a Tengu Gladiator on Sept 12, 2021.
             Slain by an adder (4 damage)
             ... on level 2 of the Dungeon.
             The game lasted 00:00:59 (908 turns).

aster the Slasher (Tengu Gladiator)                  Turns: 908, Time: 00:01:00

Health: -1/17      AC:  3    Str: 14    XL:     2   Next: 41%
Magic:  3/3        EV: 12    Int:  8    God:
Gold:   0          SH:  0    Dex: 15    Spells: 1/1 levels left

rFire    . . .     SeeInvis .   a - +0 long sword
rCold    . . .     Faith    .   (no shield)
rNeg     . . .     Spirit   .   b - +0 leather armour
rPois    .         Reflect  .   c - +0 hat
rElec    .         Harm     .   (no cloak)
rCorr    .         Rampage  .   (no gloves)
Will     .....                  (boots unavailable)
Stlth    +.........             (no amulet)
HPRegen  0.05/turn              (no ring)
MPRegen  0.08/turn              (no ring)

@: no status effects
A: beak, talons 3
a: no special abilities


You were on level 2 of the Dungeon.
You visited 1 branch of the dungeon, and saw 2 of its levels.

Inventory:

Hand Weapons
 a - a +0 long sword (weapon)
Missiles
 d - 3 throwing nets (quivered)
Armour
 b - a +0 leather armour (worn)
 c - a +0 hat (worn)
Scrolls
 e - a scroll of fog {unknown}
 f - 2 scrolls of enchant weapon {unknown}
 g - a scroll of acquirement {unknown}


   Skills:
 + Level 2.2 Fighting
 * Level 3.6 Long Blades
 + Level 2.2 Throwing
 + Level 3.4 Dodging


You had one spell level left.
You didn't know any spells.
Your spell library was empty.

Dungeon Overview and Level Annotations

Branches:
Dungeon (2/15)

Altars:


Innate Abilities, Weirdness & Mutations

You have a beak for a mouth.
You have claws for feet.


Message History

The adder is moderately wounded.
The adder bites you.
You are poisoned.
The adder poisons you! The giant cockroach bites you.
The endoplasm hits you but does no damage.
The giant cockroach bites you but does no damage.
The adder bites you.
You are too injured to fight recklessly!
You are too injured to fight recklessly!
You are too injured to fight recklessly!
You feel sick.
You feel sick.
You feel sick. The adder bites you.
* * * LOW HITPOINT WARNING * * *
You feel sick.
Found a stone staircase leading down.
You feel sick.
You are no longer poisoned.
The endoplasm closely misses you.
The giant cockroach completely misses you.
You hit the endoplasm.
You claw the endoplasm, but do no damage.
You peck the endoplasm.
The endoplasm is almost dead.
The endoplasm barely misses you.
You riposte.
You hit the endoplasm but do no damage. You claw the endoplasm.
You kill the endoplasm!
You aren't carrying any potions.
You closely miss the adder. You claw the adder.
The adder is moderately wounded.
The adder bites you but does no damage. The adder barely misses you.
You riposte.
You miss the adder. Your kick misses the adder. Your peck misses the adder.
The adder is moderately wounded.
You miss the adder.
The adder is moderately wounded.
The adder bites you but does no damage.
You closely miss the adder. Your peck misses the adder.
The adder is moderately wounded.
The adder bites you.
You die...

#.#.####.#.#.#
#.#......#.#.#
#.########.#.#
#..........#.####
############.#>.
#.#.. #.#.# #†#.#
#†#@#
#########.#S######
#..........B......#
#..........######.#
#.......?..#
#..........#
#..........#
#..........#
#.....)....#


You could see an adder and a giant cockroach.

Vanquished Creatures
  3 ball pythons
  2 endoplasms
  A goblin (D:2)
  2 quokkas (D:1)
  3 bats (D:1)
  A frilled lizard (D:1)
  A rat (D:2)
13 creatures vanquished.

Notes
Turn   | Place    | Note
-------+----------+-------------------------------------------
     0 | D:1      | aster the Tengu Gladiator began the quest for the Orb.
     0 | D:1      | Reached XP level 1. HP: 12/12 MP: 2/2
   348 | D:1      | Reached XP level 2. HP: 15/17 MP: 3/3
   908 | D:2      | Slain by an adder

Illustrated notes

Levels and vault maps discovered:
D:1:      eino_arrival_water_cross, layout_basic
D:2:      layout_basic, uniq_robin

Action                   || total
-------------------------++-------
Melee: Long sword        ||    31
       Kick              ||    10
       Peck              ||     2
 Stab: Sleeping          ||     1
Armor: Leather armour    ||    14
Dodge: Dodged            ||    21
       Rpst.: Long sword ||     8
